 Dungeon Crawl Stone Soup version 0.22.1-1-ga44c0e5 (webtiles) character file.

455 Larett the Covert (level 6, -5/30 HPs)
             Began as a Spriggan Assassin on Oct 31, 2018.
             Slain by a wyvern zombie (12 damage)
             ... on level 3 of the Dungeon.
             The game lasted 00:09:06 (3819 turns).

Larett the Covert (Spriggan Assassin)               Turns: 3819, Time: 00:09:06

Health: -5/30      AC:  8    Str:  7    XL:     6   Next: 76%
Magic:  7/7        EV: 14    Int: 12    God:
Gold:   63         SH:  0    Dex: 18    Spells: 5/5 levels left

rFire    . . .     SeeInvis +   a - +2 dagger
rCold    . . .     Gourm    .   (shield restricted)
rNeg     . . .     Faith    .   y - +0 swamp dragon scales
rPois    +         Spirit   .   (helmet restricted)
rElec    .         Reflect  .   d - +0 cloak
rCorr    .         Harm     .   (gloves unavailable)
MR       ++...                  (boots unavailable)
Stlth    +++++.....             (no amulet)
HPRegen  0.10/turn              m - ring of protection from magic
MPRegen  0.10/turn              F - -2 ring of dexterity (curse)

@: very quick
A: very small, unfitting armour, see invisible, herbivore, speed 3, slow
metabolism 2
a: no special abilities


You were on level 3 of the Dungeon.
You were very hungry.

You visited 1 branch of the dungeon, and saw 3 of its levels.

You collected 63 gold pieces.

Inventory:

Hand Weapons
 a - a +2 dagger (weapon)
 b - a +0 blowgun
Missiles
 e - 24 poisoned needles
 f - 2 curare-tipped needles
 s - 65 arrows
 x - 109 stones
 B - 22 bolts
 D - 18 sling bullets
 T - 4 tomahawks (quivered)
Armour
 d - a +0 cloak (worn)
 y - +0 swamp dragon scales (worn)
Jewellery
 m - a ring of protection from magic (left hand)
 F - a cursed -2 ring of dexterity (right hand)
 U - a +4 ring of strength {unknown}
Potions
 w - 2 potions of mutation {!q!q}
 C - a potion of heal wounds
 Q - a potion of curing
 S - 2 potions of might
Comestibles
 g - 7 rations


   Skills:
 - Level 1.5 Fighting
 - Level 2.1 Short Blades
 - Level 2.0 Throwing
 - Level 1.5 Dodging
 + Level 12.1 Stealth


You had 5 spell levels left.
You didn't know any spells.
Your spell library was empty.

Dungeon Overview and Level Annotations

Branches:
Dungeon (3/15)

Altars:


Innate Abilities, Weirdness & Mutations

You are very small and have problems with some larger weapons.
You are too small for most types of armour.
You have supernaturally acute eyesight. (SInv)
You are a herbivore.
You cover ground extremely quickly.
You need to consume almost no food.


Message History

The wyvern zombie is moderately damaged.
The wyvern zombie bites you but does no damage.
You hit the wyvern zombie.
The wyvern zombie is moderately damaged.
The wyvern zombie barely misses you.
You hit the wyvern zombie but do no damage.
The wyvern zombie is moderately damaged.
The wyvern zombie barely misses you.
You barely miss the wyvern zombie.
The wyvern zombie is moderately damaged.
The wyvern zombie misses you.
You hit the wyvern zombie but do no damage.
The wyvern zombie is moderately damaged.
The wyvern zombie barely misses you.
You hit the wyvern zombie but do no damage.
The wyvern zombie is moderately damaged.
The wyvern zombie bites you!
* * * LOW HITPOINT WARNING * * *
The wyvern zombie bites you!
You die...

.....###.......#####.............
.######........#.................
.#.............#.......###.......
.......................########..
.........####....................
...#####.........................
.......#.........................
.......#.......Z...............#.
................@..............#.
.................########......#.
.................########......#.
....########.....................
...........................#.....
...........................#.....
...........................#.....
............#######........#.....
....#####... ....##........#.....


You could see a wyvern zombie.

Vanquished Creatures
  An ogre (D:3)
  2 orc priests
  An orc wizard (D:3)
  2 worker ants
  13 adders
  3 oozes
  4 dart slugs
  3 worms (D:3)
  2 leopard geckos (D:1)
  7 orcs
  7 giant cockroaches
  12 goblins
  10 hobgoblins
  A quokka (D:2)
  9 bats
  10 kobolds
  11 rats
98 creatures vanquished.

Notes
Turn   | Place    | Note
-------+----------+-------------------------------------------
     0 | D:1      | Larett the Spriggan Assassin began the quest for the Orb.
     0 | D:1      | Reached XP level 1. HP: 10/10 MP: 2/2
    23 | D:1      | Reached skill level 6 in Stealth
    90 | D:1      | Reached XP level 2. HP: 14/14 MP: 3/3
   280 | D:1      | Reached skill level 7 in Stealth
   436 | D:1      | Reached XP level 3. HP: 14/18 MP: 4/4
   791 | D:1      | Reached skill level 8 in Stealth
  1112 | D:2      | Reached XP level 4. HP: 15/22 MP: 5/5
  1388 | D:2      | Reached skill level 9 in Stealth
  1663 | D:2      | Reached XP level 5. HP: 19/25 MP: 6/6
  1877 | D:2      | Reached skill level 10 in Stealth
  2338 | D:3      | Noticed an ogre
  2412 | D:3      | Killed an ogre
  2412 | D:3      | Reached skill level 11 in Stealth
  2412 | D:3      | Reached XP level 6. HP: 30/30 MP: 7/7
  3480 | D:3      | Reached skill level 12 in Stealth
  3819 | D:3      | Slain by a wyvern zombie

Skill      XL: |  1  2  3  4  5  6 |
---------------+-------------------+-----
Stealth        | 6 7 8 9 11 12 | 12.1
Fighting       | |  1.5
Short Blades   | |  2.1
Throwing       | |  2.0
Dodging        | |  1.5

Action                   |  1- 3 |  4- 6 || total
-------------------------+-------+-------++-------
Melee: Dagger            |   164 |   311 ||   475
 Fire: Blowgun           |       |    12 ||    12
Throw: Stone             |       |    13 ||    13
  Use: Scroll            |       |     8 ||     8
       Potion            |       |     1 ||     1
 Stab: Sleeping          |     7 |    18 ||    25
       Distracted        |     1 |       ||     1
Armor: Robe              |    19 |       ||    19
       Swamp dragon scal |    21 |   101 ||   122
Dodge: Dodged            |   138 |   197 ||   335
